 Dungeon Crawl Stone Soup version 0.21.1-1-g345015fe64 (webtiles) character file.

174 Oravi the Cutter (level 5, -3/35 HPs)
             Began as a Halfling Fighter on Apr 10, 2018.
             Slain by Pikel
             ... wielding a +1 whip of electrocution
              (4 damage)
             ... on level 4 of the Dungeon.
             The game lasted 00:12:01 (3667 turns).

Oravi the Cutter (Halfling Fighter)                 Turns: 3667, Time: 00:12:01

Health: -3/35      AC:  5    Str: 17    XL:     5   Next: 84%
Magic:  5/5        EV: 10    Int:  6    God:
Gold:   148        SH: 10    Dex: 15    Spells: 4/4 levels left

rFire    . . .     SeeInvis .   x - +0 dagger (venom)
rCold    + + .     Gourm    .   c - +1 shield
rNeg     + . .     Faith    .   B - +1 leather armour {rC+}
rPois    .         Spirit   .   G - +0 hat
rElec    .         Reflect  .   (no cloak)
rCorr    .         Harm     .   (no gloves)
MR       .....                  s - +0 pair of boots
Stlth    +.........             (no amulet)
HPRegen  0.11/turn              h - ring of positive energy
MPRegen  0.09/turn              y - ring of protection from cold

@: no status effects
A: small, mutation resistance 1
a: no special abilities


You were on level 4 of the Dungeon.
You were very hungry.

You visited 1 branch of the dungeon, and saw 4 of its levels.

You collected 148 gold pieces.

Inventory:

Hand Weapons
 a - a +0 rapier
 k - a -3 hunting sling
 x - a +0 dagger of venom (weapon)
Missiles
 e - 84 stones (quivered)
 t - 35 sling bullets
Armour
 b - a +0 scale mail
 c - a +1 shield (worn)
 s - a +0 pair of boots (worn)
 A - a +0 ring mail
 B - a +1 leather armour of cold resistance (worn)
 G - a +0 hat (worn)
Jewellery
 h - a ring of positive energy (left hand)
 n - a +2 ring of strength {unknown}
 y - a ring of protection from cold (right hand)
Wands
 m - a wand of scattershot (4)
Scrolls
 g - 2 scrolls of identify
 u - a scroll of teleportation {unknown}
 w - a scroll of blinking {unknown}
 z - a scroll of enchant weapon {unknown}
 C - a scroll of enchant armour
 E - a scroll of magic mapping {unknown}
 F - a scroll of fog {unknown}
Potions
 d - a potion of might
 i - 3 potions of flight
 j - 2 potions of mutation {unknown}
 l - a potion of resistance {unknown}
 o - 3 potions of brilliance {unknown}
 p - 2 potions of magic {unknown}
 q - 3 potions of curing {unknown}
 v - a potion of haste {unknown}
 D - 2 potions of degeneration {unknown}
Comestibles
 f - 8 rations


   Skills:
 - Level 2.6 Fighting
 * Level 6.7 Short Blades
 - Level 3.2 Armour
 - Level 3.2 Shields


You had 4 spell levels left.
You didn't know any spells.

Dungeon Overview and Level Annotations

Branches:
Dungeon (4/15)
 Temple: D:4-7

Altars:
Nemelex Xobeh
Wu Jian
Yredelemnul

Annotations:
D:4 Pikel


Innate Abilities, Weirdness & Mutations

You are small and have problems with some larger weapons.
You are somewhat resistant to further mutation.


Message History

Pikel is severely wounded.
You block Pikel's attack.
You closely miss Pikel.
Pikel is severely wounded.
You barely miss Pikel.
Pikel is severely wounded.
Pikel closely misses you.
You hit Pikel but do no damage.
Pikel looks as sick as possible!
Pikel is severely wounded.
Pikel completely misses you.
You hit Pikel but do no damage.
Pikel is severely wounded.
You hit Pikel but do no damage.
Pikel looks as sick as possible!
Pikel is almost dead.
Pikel hits you but does no damage.
You are electrocuted!
* * * LOW HITPOINT WARNING * * *
You barely miss Pikel.
Pikel is almost dead.
Pikel hits you with a whip of electrocution.
You die...

....#..^.....#............
... #........#.....#####..
#........#.....# #..
#........#.....### ###
#.##.#####.....#'#####
###+##'##.....#'##.#....
#.......#.....#....#....
+.......#.....#....#....
##..###@#.....#..###....
##+ ##K##....#..####'#.
#ppp#....+.......#.
#...'....#.......#.
##[.#....#.......#.
#..#....##....#.#.
#...>p'..#......########
#.....#..#......#
#.....#..#......#


You could see Pikel and 3 slaves.

Vanquished Creatures
  A slave (D:4)
  A bullfrog skeleton (D:4)
  Robin (D:2)
  3 adders
  An ooze (D:1)
  4 worms
  2 dart slugs
  5 orcs (D:3)
  A ball python (D:4)
  5 bats
  2 gnoll zombies (D:4)
  18 goblins
  8 hobgoblins
  2 jackals (D:3)
  17 kobolds
  15 rats
86 creatures vanquished.

Notes
Turn   | Place    | Note
-------+----------+-------------------------------------------
     0 | D:1      | Oravi the Halfling Fighter began the quest for the Orb.
     0 | D:1      | Reached XP level 1. HP: 15/15 MP: 1/1
   213 | D:1      | Reached skill level 3 in Short Blades
   233 | D:1      | Reached XP level 2. HP: 20/20 MP: 2/2
   755 | D:2      | Reached skill level 4 in Short Blades
   755 | D:2      | Reached XP level 3. HP: 18/25 MP: 3/3
   912 | D:2      | Found a sparkling altar of Nemelex Xobeh.
  1442 | D:2      | Found an ornate altar of the Wu Jian Council.
  1452 | D:2      | Reached XP level 4. HP: 29/30 MP: 4/4
  1501 | D:2      | Reached skill level 5 in Short Blades
  1860 | D:2      | Noticed Robin
  1894 | D:2      | Killed Robin
  2355 | D:3      | Reached XP level 5. HP: 35/35 MP: 5/5
  2478 | D:3      | Reached skill level 6 in Short Blades
  3605 | D:4      | Found a basalt altar of Yredelemnul.
  3627 | D:4      | Noticed Pikel
  3627 | D:4      | Noticed a slave
  3627 | D:4      | Noticed a slave
  3627 | D:4      | Noticed a slave
  3627 | D:4      | Noticed a slave
  3641 | D:4      | Killed a slave
  3666 | D:4      | HP: 1/35 [Pikel/whip of electrocution (12)]
  3667 | D:4      | Slain by Pikel

Skill      XL: |  1  2  3  4  5 |
---------------+----------------+-----
Short Blades   | 3 4 5 6 |  6.7
Fighting       | |  2.6
Armour         | |  3.2
Shields        | |  3.2

Action                   |  1- 3 |  4- 6 || total
-------------------------+-------+-------++-------
Melee: Rapier            |   115 |   109 ||   224
       Dagger            |       |   127 ||   127
  Use: Scroll            |     2 |     5 ||     7
       Potion            |       |     1 ||     1
  Eat: Chunk             |     2 |     6 ||     8
Armor: Scale mail        |    29 |    40 ||    69
       Leather armour    |       |    12 ||    12
Dodge: Dodged            |    31 |    47 ||    78
Block: Shield            |    48 |    83 ||   131
